Map: Fracture LE

Players

Ultrahugs

  • Race: Zerg Zerg
  • League: Diamond
  • Spawn Location: 11:00

Qolt - Winner!

  • Race: Terran Terran
  • League: Master
  • Spawn Location: 5:00

VOD

Have the link to the VOD?

Description

Time

  • Played on: Sept. 13, 2018, 3:24 a.m.
  • Length: 18:17
Show
View Real Time Build Order
Export as new Build Order

Ultrahugs Zerg 

Build Orders: Hatch First 

Get SALT Encoding   

  12  0:01  Drone  
  13  0:13  Overlord  
  13  0:17  Drone  
  14  0:32  Drone x2  
  16  0:36  Drone  
  17  0:52  Hatchery  
  17  0:55  Drone  
  17  0:59  Drone  
  18  1:10  Extractor  
  17  1:14  Spawning Pool  
  17  1:17  Drone  
  17  1:20  Drone  
  18  1:29  Drone  
  19  1:40  Overlord  
  19  1:50  Drone  
  20  2:04  Queen x2  
  20  2:05  Zergling x4  
  26  2:20  Hatchery  
  25  2:25  Extractor  
  25  2:28  Metabolic Boost  
  24  2:31  Drone  
  24  2:34  Drone  
  27  2:42  Queen  
  28  2:45  Drone  
  28  2:50  Drone x2  
  31  2:55  Drone  
  31  2:56  Drone  
  33  3:02  Overlord  
  33  3:06  Drone x2  
  33  3:12  Drone  
  36  3:21  Drone x2  
  36  3:22  Drone x3  
  41  3:27  Queen  
  41  3:30  Overlord  
  43  3:36  Queen  
  45  3:47  Extractor  
  44  3:52  Zergling x8, Roach Warren  
  44  3:53  Zergling x2  
  48  3:58  Evolution Chamber  
  47  4:13  Drone x6  
  47  4:14  Drone x3  
  56  4:19  Spore Crawler  
  56  4:20  Spore Crawler  
  54  4:29  Drone  
  54  4:30  Drone x4  
  57  4:37  Lair  
  57  4:44  Drone x3  
  57  4:48  Drone  
  58  4:55  Overlord  
  58  5:02  Overlord x2  
  55  5:07  Drone x2  
  55  5:08  Drone  
  55  5:09  Drone  
  55  5:16  Roach  
  55  5:17  Roach x4  
  65  5:22  Zerg Ground Armor Level 1  
  65  5:28  Overlord  
  65  5:29  Overlord  
  65  5:33  Drone x3  
  68  5:42  Extractor  
  67  5:45  Baneling Nest  
  67  5:48  Evolution Chamber  
  65  5:57  Drone x2  
  65  5:58  Drone x6  
  73  6:09  Drone  
  73  6:10  Drone  
  74  6:16  Zerg Melee Weapons Level 1  
  74  6:23  Drone x7  
  74  6:24  Drone x5  
  74  6:25  Hatchery  
  85  6:29  Extractor  
  84  6:34  Overseer  
  84  6:36  Centrifical Hooks  
  84  6:43  Hydralisk Den  
  84  6:46  Zergling x2  
  84  6:47  Drone x6  
  85  6:49  Extractor  
  85  6:50  Extractor  
  85  6:53  Zergling x4  
  90  6:56  Overlord  
  90  7:03  Overlord x2  
  90  7:04  Overlord  
  90  7:14  Baneling x2  
  90  7:15  Baneling  
  90  7:16  Baneling x3  
  90  7:19  Extractor  
  90  7:22  Overlord x2  
  89  7:23  Muscular Augments  
  89  7:29  Infestation Pit  
  88  7:31  Overseer  
  88  7:32  Overseer  
  88  7:33  Drone x2  
  88  7:35  Drone x5  
  88  7:36  Extractor  
  95  7:37  Zergling x20  
  95  7:43  Zergling x2  
  105  7:48  Zergling x10  
  105  7:50  Zergling x2  
  111  7:52  Zergling x2  
  111  7:56  Baneling x6  
  110  8:10  Baneling x13  
  105  8:14  Zergling x20  
  116  8:20  Zergling x2  
  110  8:31  Zergling x24  
  113  8:36  Queen  
  113  8:37  Hatchery  
  110  8:47  Pathogen Glands  
  110  8:48  Burrow, Zergling x2  
  110  8:49  Zergling x6  
  114  9:00  Infestor x3  
  114  9:02  Baneling x3  
  120  9:05  Drone x2  
  120  9:06  Drone  
  123  9:10  Hive  
  123  9:11  Zergling x2  
  123  9:12  Overlord x2, Zergling x8  
  128  9:28  Baneling x7  
  128  9:29  Baneling x6  
  128  9:40  Baneling  
  128  9:41  Baneling x8, Zergling x14  
  128  9:42  Zergling x18  
  134  10:06  Overlord x3  
  134  10:19  Hatchery  
  107  10:22  Extractor  
  107  10:23  Extractor  
  107  10:27  Hydralisk  
  107  10:28  Hydralisk x11  
  109  10:30  Zergling x12  
  129  10:49  Zerg Melee Weapons Level 2  
  129  10:50  Zerg Ground Armor Level 2, Ultralisk Cavern  
  129  10:53  Zergling x2  
  129  10:54  Zergling x22  
  140  10:59  Zergling x2  
  140  11:00  Zergling x2  
  142  11:10  Drone x3  
  145  11:11  Drone x3  
  145  11:15  Overlord x2  
  145  11:17  Zergling x6  
  151  11:18  Zergling x2  
  151  11:20  Overseer  
  151  11:21  Queen  
  151  11:22  Overlord  
  151  11:23  Overlord x3  
  151  11:25  Zergling x8  
  154  11:45  Ultralisk x4  
  178  11:48  Chitinous Plating  
  178  11:49  Infestor x3  
  178  11:51  Baneling x4  
  178  11:52  Baneling  
  178  11:54  Pneumatized Carapace  
  178  12:03  Drone x6  
  157  12:31  Ultralisk  
  157  12:32  Ultralisk x3  
  157  12:35  Baneling x3  
  174  12:40  Zergling x12  
  176  13:12  Spore Crawler  
  165  13:17  Infestor x2  
  167  13:21  Spire, Zerg Melee Weapons Level 3  
  167  13:22  Zerg Ground Armor Level 3, Adrenal Glands  
  163  13:33  Infestor x2  
  163  13:34  Infestor x2  
  160  13:41  Zergling x38  
  175  13:57  Hatchery  
  158  14:18  Zergling x6  
  158  14:19  Zergling x26  
  116  14:30  Zergling x14  
  97  14:39  Infestor x2  
  101  14:47  Infestor x4  
  101  14:51  Baneling x12  
  101  14:52  Baneling x2  
  107  15:12  Hatchery  
  106  15:26  Ultralisk x2  
  118  15:28  Baneling  
  118  15:29  Baneling x5  
  118  15:31  Extractor  
  118  15:42  Baneling x10  
  118  15:43  Baneling x13  
  118  15:57  Hatchery  
  117  16:07  Ultralisk  
  109  16:19  Infestor  
  109  16:20  Infestor x3  
  86  16:52  Zergling x34  
  86  16:53  Zergling x8  
  107  17:08  Ultralisk  
  113  17:15  Baneling x8  
  113  17:16  Baneling x8  
  111  17:30  Hydralisk x4  
Show
View Real Time Build Order
Export as new Build Order

Qolt Terran - Winner!

Build Orders: Liberator Opening, Reaper Expand, MMM Bio 

Get SALT Encoding   

  12  0:00  SCV  
  13  0:13  SCV  
  14  0:17  Supply Depot  
  14  0:25  SCV  
  15  0:29  Refinery  
  15  0:39  SCV  
  16  0:44  Barracks  
  16  0:51  SCV  
  17  1:03  SCV  
  18  1:15  SCV  
  19  1:30  Orbital Command  
  19  1:31  Reaper  
  20  1:44  Command Center  
  20  1:56  Factory  
  20  1:59  SCV  
  21  2:07  Barracks Reactor  
  21  2:14  Supply Depot, SCV  
  22  2:26  SCV  
  23  2:35  Refinery  
  23  2:39  SCV  
  24  2:47  Starport  
  24  2:52  Hellion  
  24  2:53  Hellion  
  24  2:55  Barracks Tech Lab  
  24  2:57  SCV  
  24  2:58  Orbital Command  
  29  3:08  Liberator  
  29  3:09  SCV  
  30  3:14  Hellion x2  
  30  3:17  Marine  
  35  3:21  SCV  
  39  3:30  SCV  
  39  3:33  SCV  
  41  3:39  Marine  
  42  3:42  SCV  
  42  3:45  Stimpack, SCV  
  44  3:51  Barracks  
  44  3:55  SCV  
  44  3:58  Supply Depot, SCV  
  44  4:01  Supply Depot  
  46  4:04  Factory Tech Lab  
  46  4:20  SCV x2  
  48  4:26  Siege Tank  
  51  4:32  SCV x2  
  51  4:33  Command Center  
  53  4:42  Marine  
  53  4:44  SCV x2  
  53  4:54  Marine x2  
  52  5:00  Marine  
  53  5:14  SCV x2  
  53  5:18  Marine  
  53  5:19  Engineering Bay  
  53  5:21  Engineering Bay  
  53  5:24  Starport Reactor  
  53  5:26  SCV x2  
  55  5:38  Refinery, SCV  
  55  5:39  Supply Depot, SCV  
  55  5:40  Refinery  
  55  5:41  Barracks  
  57  5:43  Siege Tank  
  57  5:46  Marine x2  
  62  5:56  Supply Depot  
  62  6:00  Marine  
  62  6:01  Combat Shield, SCV x2  
  65  6:12  Terran Infantry Weapons Level 1, Terran Infantry Armor Level 1  
  65  6:13  SCV  
  65  6:15  Siege Tank, Orbital Command  
  68  6:18  SCV  
  68  6:25  SCV  
  70  6:29  Marine x2  
  70  6:30  Barracks Reactor  
  70  6:31  Marauder  
  74  6:35  SCV  
  74  6:37  Armory, SCV  
  76  6:42  Medivac x2  
  76  6:44  Orbital Command  
  80  6:47  SCV  
  80  6:49  SCV  
  82  6:57  Marine x3  
  85  7:04  SCV  
  85  7:05  Supply Depot, SCV  
  85  7:06  Supply Depot  
  85  7:08  Marine x2  
  87  7:12  Barracks  
  87  7:15  Marine x2, Barracks, SCV  
  92  7:26  SCV  
  92  7:27  SCV x2  
  95  7:35  Marine x4  
  95  7:36  Marine  
  95  7:37  Siege Tank  
  103  7:39  Medivac x2  
  107  7:48  SCV x2  
  109  7:51  Refinery  
  109  7:52  Refinery  
  109  7:56  Supply Depot  
  109  7:57  Supply Depot  
  109  8:06  SCV  
  109  8:09  SCV x2  
  106  8:13  Command Center  
  106  8:14  Barracks Tech Lab x2  
  106  8:15  Marine x3  
  106  8:17  Medivac x2  
  106  8:18  Marauder, SCV  
  106  8:19  Supply Depot x2, Terran Vehicle And Ship Armor Level 1  
  116  8:22  Terran Infantry Armor Level 2, Terran Infantry Weapons Level 2  
  99  8:39  Marauder  
  99  8:40  Marauder x2, Marine x4  
  99  8:41  Concussive Shells  
  100  8:44  Siege Tank  
  100  8:46  SCV x3  
  106  8:52  Supply Depot  
  106  8:56  Supply Depot  
  106  8:58  SCV x3  
  106  9:00  Marine  
  106  9:01  Marine x3  
  113  9:03  Marauder  
  113  9:08  Marauder  
  113  9:09  Marauder  
  119  9:10  SCV x2  
  119  9:11  Medivac x2  
  119  9:16  SCV  
  126  9:18  Supply Depot  
  126  9:21  Marine  
  126  9:22  SCV, Marine x3  
  126  9:24  Siege Tank  
  134  9:36  SCV x2  
  136  9:44  Refinery  
  136  9:45  Missile Turret x2  
  136  9:46  Marauder x2, Marine x3  
  136  9:48  Ghost Academy  
  136  9:50  Refinery  
  143  9:54  Sensor Tower  
  143  9:59  Marauder, Marine  
  146  10:03  Marine  
  146  10:05  Factory  
  147  10:07  Marauder x2  
  147  10:08  Marine x2  
  153  10:20  Marine  
  153  10:21  Marauder, Siege Tank, Marine  
  122  10:24  Terran Vehicle And Ship Armor Level 2  
  122  10:25  Marine  
  122  10:27  Planetary Fortress  
  127  10:29  Marauder x2  
  131  10:41  Marine x2  
  131  10:42  Marauder, Sensor Tower  
  135  10:50  Marauder x2, Marine x2  
  141  10:58  Personal Cloaking  
  141  11:00  Terran Infantry Weapons Level 3  
  141  11:03  Marauder  
  143  11:05  Terran Infantry Armor Level 3  
  143  11:08  Marine x3  
  143  11:11  Marauder, Ghost  
  146  11:13  Siege Tank  
  146  11:14  Factory Tech Lab  
  146  11:15  Viking  
  146  11:17  Viking  
  157  11:23  Marine  
  157  11:24  Ghost  
  160  11:26  Marine  
  160  11:29  Marine x2  
  163  11:33  Marauder, Liberator x2  
  165  11:40  Marauder  
  165  11:41  Marine  
  165  11:43  Marine  
  165  11:46  Barracks  
  169  11:47  Barracks, Marine x2  
  169  11:52  Ghost  
  179  12:04  Supply Depot x2  
  179  12:05  Supply Depot  
  179  12:16  Starport, Fusion Core  
  179  12:21  Liberator x2  
  179  12:25  Ghost x2  
  165  12:30  Marine x5  
  178  12:47  Marine  
  178  12:51  Marauder, Marine x3  
  181  12:52  Barracks Tech Lab  
  181  12:54  Marauder, Barracks Tech Lab  
  181  12:58  Ghost  
  186  13:08  Marine  
  186  13:09  Liberator, Marine x2  
  186  13:10  Starport Tech Lab  
  186  13:12  Ghost  
  191  13:15  Ghost  
  193  13:24  Marine  
  193  13:25  Marauder x2  
  193  13:26  Marine x2  
  200  13:27  Marauder  
  200  13:31  SCV x3  
  192  13:41  Marauder  
  192  13:43  Ghost  
  192  13:44  Nuke  
  192  13:45  Ghost x2  
  195  13:53  Command Center  
  195  14:06  Terran Vehicle And Ship Armor Level 3  
  138  14:27  Ghost x5  
  138  14:28  Marine  
  138  14:29  Marine x3  
  142  14:35  Liberator x3  
  145  14:46  Marine x2  
  145  14:47  Advanced Ballistics  
  150  14:55  Ghost  
  150  14:56  Marauder, Ghost  
  156  15:02  Ghost x2  
  156  15:03  Marine x2  
  156  15:04  Marine  
  163  15:17  Ghost  
  165  15:24  Ghost  
  165  15:26  Missile Turret  
  167  15:29  Missile Turret x2  
  167  15:36  Marauder x2, Marine x3  
  167  15:40  Refinery  
  167  15:42  Refinery  
  174  15:43  Nuke  
  174  15:50  Marine  
  174  15:51  Marauder x2  
  174  15:53  Marauder, Siege Tank x2, Marine x2  
  174  15:54  Marine  
  190  16:02  Planetary Fortress  
  190  16:07  Missile Turret  
  190  16:10  Missile Turret  
  190  16:23  Marine x3  
  190  16:24  Marauder x4, Marine  
  192  16:47  Liberator x2  
  152  16:49  Liberator  
  152  16:54  Marauder, Marine x4  
  152  16:55  Marauder x4  
  175  17:12  Marine  
  176  17:16  Marauder x3  
  182  17:22  Marine  
  182  17:23  Marauder x2, Marine x2  
  182  17:28  SCV x3  
  179  17:57  Marine  
  179  17:58  Marine x3  
Tags
 
Add a new tag
Caveats
  • Supply blocks, unpowered buildings, or Contaminate may cause inaccurate times.
  • Supply counts are checked every 10 seconds.